 Dungeon Crawl Stone Soup version 0.31-a0-345-g1ebeae05c6 (webtiles) character file.

Game seed: 8845217819687011917

166 Newt the Shooter (level 5, 0/35 HPs)
             Began as a Kobold Hunter on July 22, 2023.
             Succumbed to Ijyb's poison
             ... on level 3 of the Dungeon.
             The game lasted 00:02:12 (1894 turns).

Newt the Shooter (Kobold Hunter)                    Turns: 1894, Time: 00:02:12

Health: 0/35       AC:  4    Str:  8    XL:     5   Next: 76%
Magic:  5/5        EV: 19    Int: 10    God:
Gold:   109        SH:  0    Dex: 21    Spells: 4/4 levels left

rFire   . . .        a - +0 shortbow
rCold   + . .        (shield currently unavailable)
rNeg    . . .        c - +0 leather armour
rPois   .            (no helmet)
rElec   .            (no cloak)
rCorr   .            e - +0 pair of gloves
SInv    .            (no boots)
Will    .....        (no amulet)
Stlth   +++          i - ring of protection from cold
HPRegen 0.25/turn    f - +5 ring of evasion
MPRegen 0.09/turn

%: no passive effects
@: lethally poisoned (0 -> -13), invisible
A: small, no large weapons, nightstalker 3
a: no special abilities


You were on level 3 of the Dungeon.
You visited 1 branch of the dungeon, and saw 3 of its levels.

You collected 109 gold pieces.

Inventory:

Hand Weapons
 a - a +0 shortbow (weapon)
Missiles
 h - a throwing net
Armour
 c - a +0 leather armour (worn)
 e - a +0 pair of gloves (worn)
Jewellery
 f - a +5 ring of evasion (right hand)
 i - a ring of protection from cold (left hand)
Wands
 d - a wand of flame (10)
Scrolls
 b - a scroll of butterflies
 j - a scroll of torment
 k - a scroll of teleportation


   Skills:
 - Level 5.0 Fighting
 - Level 5.3 Ranged Weapons
 + Level 3.1 Throwing
 - Level 2.4 Dodging
 - Level 1.3 Stealth


You had 4 spell levels left.
You didn't know any spells.
Your spell library was empty.

Dungeon Overview and Level Annotations

Branches:
Dungeon (3/15)

Altars:

Annotations:
D:2 1 runed translucent door, Crazy Yiuf
D:3 Ijyb


Innate Abilities, Weirdness & Mutations

You are small and have problems with some larger weapons.
You are completely attuned to the shadows.


Message History

You feel very sick.
Ijyb zaps a wand.
You resist with some effort.
Unknown command.
You shoot an arrow. The arrow hits Ijyb but does no damage.
Ijyb is moderately wounded.
You feel very sick. Ijyb barely misses you.
Unknown command.
You shoot an arrow. The arrow hits Ijyb but does no damage.
Ijyb is moderately wounded.
You feel sick.
Ijyb zaps a wand.
You resist with some effort.
Unknown command.
You shoot an arrow. The arrow hits Ijyb but does no damage.
Ijyb is moderately wounded.
You feel sick. Ijyb misses you.
You shoot an arrow. The arrow closely misses Ijyb.
You feel sick. Ijyb misses you. Ijyb hits you but does no damage.
You shoot an arrow. The arrow hits Ijyb but does no damage.
Ijyb is moderately wounded.
You feel sick.
Ijyb hits you with a +0 dagger of venom.
You are more poisoned.
You shoot an arrow. The arrow closely misses Ijyb.
You feel very sick.
Ijyb zaps a wand.
You resist with some effort.
You shoot an arrow. The arrow closely misses Ijyb.
You feel very sick. Ijyb barely misses you.
You shoot an arrow. The arrow hits Ijyb.
Ijyb is moderately wounded.
You feel sick. Ijyb completely misses you.
You shoot an arrow. The arrow hits Ijyb.
Ijyb is heavily wounded.
You feel sick.
Ijyb hits you with a +0 dagger of venom.
* * * LOW HITPOINT WARNING * * *
You are more poisoned.
It was a potion of invisibility.
You fade into invisibility!
You die...

.......?.#
........#
.......#####
............
.......#####
........##
.........#####
...........g###.
##..#....@.....
##....###.....
####.. ####..
##. #


You could see Ijyb (unable to see you).

Vanquished Creatures
  An orc priest (D:3)
  An orc wizard (D:3)
  4 gnolls
  2 adders
  An orc (D:2)
  5 endoplasms (D:1)
  3 giant cockroaches
  7 goblins
  4 hobgoblins
  4 quokkas
  3 ball pythons
  9 bats
  4 frilled lizards
  4 kobolds
  2 rats
54 creatures vanquished.

Notes
Turn   | Place    | Note
-------+----------+-------------------------------------------
     0 | D:1      | Newt the Kobold Hunter began the quest for the Orb.
     0 | D:1      | Reached XP level 1. HP: 12/12 MP: 1/1
    81 | D:1      | Reached XP level 2. HP: 18/18 MP: 2/2
   111 | D:1      | Found a faded altar of an unknown god.
   222 | D:1      | Reached XP level 3. HP: 23/23 MP: 3/3
   727 | D:2      | Found a runed translucent door.
   730 | D:2      | Noticed Crazy Yiuf
   775 | D:2      | Reached XP level 4. HP: 29/30 MP: 4/4
   813 | D:2      | Identified the +3 spear of Guut {antimagic, rCorr Int-3
                  | Dex+2}
  1476 | D:3      | Reached skill level 5 in Fighting
  1476 | D:3      | Reached skill level 1 in Throwing
  1476 | D:3      | Reached XP level 5. HP: 11/35 MP: 5/5
  1874 | D:3      | Noticed Ijyb
  1894 | D:3      | Succumbed to Ijyb's poison

Illustrated notes

Levels and vault maps discovered:
D:1:      minmay_arrival_glassed_features, layout_basic,
          ebering_ecumenical_altar_box, nicolae_grassy_gnolls
D:2:      layout_rooms, serial_forest, infiniplex_forest_lined_room_2,
          infiniplex_forest_clump_medium, infiniplex_forest_clump_diagonal,
          infiniplex_forest_clump_medium, infiniplex_forest_straight_3,
          infiniplex_forest_lined_3, uniq_crazy_yiuf_cottage
D:3:      layout_rooms, uniq_ijyb

Skill      XL: |  1  2  3  4  5 |
---------------+----------------+-----
Fighting       | 3 4 5 |  5.0
Throwing       | 1 3 |  3.1
Ranged Weapons | |  5.3
Dodging        | |  2.4
Stealth        | |  1.3

Action                     |  1- 3 |  4- 6 || total
---------------------------+-------+-------++-------
  Melee: Shortbow          |       |     1 ||     1
   Fire: Shortbow          |    67 |   108 ||   175
    Use: Scroll            |     1 |     4 ||     5
         Potion            |       |     3 ||     3
 Armour: Leather armour    |     7 |    11 ||    18
         Skin              |       |    23 ||    23
  Dodge: Dodged            |    20 |    82 ||   102

Table legend: (Time is in decaauts)
 A = Elapsed time spent in this place.
 B = Non-inter-level travel time spent in this place.
 C = Inter-level travel time spent in this place.
 D = Time resting spent in this place.
 E = Time spent auto-exploring this place.
 F = Levels seen in this place.
 G = Mean time per level.
                   A        B        C        D        E       F      G
               +--------+--------+--------+--------+--------+-----+--------+
         Total |   1924 |   1858 |     66 |    319 |   1213 |   3 |  641.3 |
       Dungeon |   1924 |   1858 |     66 |    319 |   1213 |   3 |  641.3 |
               +--------+--------+--------+--------+--------+-----+--------+

Top non-repeatable levels by time:
     D:2: 769 daAuts
     D:1: 676 daAuts
     D:3: 478 daAuts
